Cogmind - Beta 11.1 @@@ ROGUE MODE // 2022.07.10 @ 19:23:21 Player: Pogmind Result: Self-destructed Performance ------------- Evolutions (2) 1000 Regions Visited (7) 1400 Robots Destroyed (166) 830 Value Destroyed (4189) 4189 Prototype IDs (39) 780 Alien Tech Used (0) 0 Bonus (-370) -370 TOTAL SCORE: 7829 Bonus ------- High Alert Combat Kills 96 Follower Combat Kills 39 Aligned with FarCom 300 Friendly Fire -805 Cogmind --------- Core Integrity 464/550 Matter 300/300 Energy 170/170 System Corruption 0% Temperature Cool (0) Movement Treading (242) Ox1 Location -8/Materials Parts ------- > --- POWER (1) -------- Light Neutrino Core > --- PROPULSION (4) --- Light Treads Light Treads Light Treads Armored Treads > --- UTILITY (4) ------ Experimental Heat Sink Huge Storage Unit Hardened Heavy Armor Plating > --- WEAPON (2) ------- Heavy Ion Cannon Heavy Ion Cannon > --- INVENTORY (25) --- Micro Neutrino Core Light Treads Combat Airjet Experimental Power Amplifier High-capacity Storage Unit Superbattery (1500) Gravity Neutralizer Improved Signal Interpreter Experimental Targeting Computer Advanced Weapon Cycler Advanced Transmission Jammer Improved Light Armor Plating Hacking Suite System Shield Makeshift System Shield System Restoration Module Gatling Laser Dispersion Rifle Guided Plasma Cannon Railgun 8R-AWN's Boregun Missile Launcher Missile Launcher Longsword +1 Deploy-a-Sentry Peak State ------------ > --- POWER ------------ Heavy Deuterium Engine > --- PROPULSION ------- Light Treads Light Treads > --- UTILITY ---------- Experimental Heat Sink Humpback Improved Armor Integrity Analyzer > --- WEAPON ----------- Improved Assault Rifle 8R-AWN's Boregun > --- INVENTORY -------- Heavy Ion Engine Light Neutrino Core Micro Neutrino Core Light Treads Combat Airjet Experimental Power Amplifier Large Storage Unit High-capacity Storage Unit Huge Storage Unit Superbattery Gravity Neutralizer Makeshift Trap Scanner Advanced Targeting Computer Experimental Targeting Computer Advanced Weapon Cycler Advanced Transmission Jammer Hacking Suite Makeshift System Shield System Restoration Module Advanced Recalibrator Gatling Laser Dispersion Rifle Light EM Pulse Cannon Improved EM Pulse Cannon Guided Plasma Cannon Improved Assault Rifle Railgun Missile Launcher Missile Launcher Chainsword Longsword +1 Deploy-a-Sentry [Rating: 52] Favorites ----------- Power Heavy Ion Engine Engine Heavy Ion Engine Power Core Light Nuclear Core Propulsion Light Treads Treads Light Treads Wheel Compact Wheel Flight Unit Improved Flight Unit Utility Hardened Light Armor Plating Device Experimental Heat Sink Storage Huge Storage Unit Processor Improved Armor Integrity Analyzer Protection Hardened Light Armor Plating Weapon Improved Assault Rifle Energy Gun Gatling Laser Energy Cannon Advanced Beam Cannon Ballistic Gun Improved Assault Rifle Launcher Missile Launcher Impact Weapon Hammer Slashing Weapon Chainsword Build | -11 -10 -10 -9 -9 -9 -8 -8 ------- Run | Scr Mat Min Mat Min Exi Min Mat Slots Evolved 4 | . . . 2 . . . 2 Power . | . . . . . . . . Propulsion 2 | . . . . . . . 2 Utility 2 | . . . 2 . . . . Weapon . | . . . . . . . . Parts Attached 177 | 8 7 9 55 7 25 25 41 Power 16 | 1 . 1 4 . 4 3 3 Engine 10 | 1 . . 2 . 3 2 2 Core 6 | . . 1 2 . 1 1 1 Reactor . | . . . . . . . . Propulsion 24 | 2 3 . 7 . 1 3 8 Treads 22 | 2 2 . 6 . 1 3 8 Leg . | . . . . . . . . Wheel 1 | . 1 . . . . . . Hover . | . . . . . . . . Flight 1 | . . . 1 . . . . Utility 50 | 2 2 2 15 3 10 7 9 Device 17 | 1 . . 4 . 4 3 5 Storage 11 | 1 1 2 1 . 3 1 2 Processor 3 | . . . . . 1 1 1 Hackware . | . . . . . . . . Protection 19 | . 1 . 10 3 2 2 1 Artifact . | . . . . . . . . Weapon 87 | 3 2 6 29 4 10 12 21 Energy Gun 16 | 1 . . 8 . . . 7 Energy Cannon 19 | . . . 6 1 1 1 10 Ballistic Gun 30 | 2 1 3 8 2 5 8 1 Ballistic Cannon . | . . . . . . . . Launcher 14 | . 1 3 3 . 2 2 3 Special Weapon . | . . . . . . . . Impact Weapon 4 | . . . 4 . . . . Slashing Weapon 4 | . . . . 1 2 1 . Piercing Weapon . | . . . . . . . . Special Melee Weapon . | . . . . . . . . Unidentified Prototypes 16 | . . . 6 . 5 3 2 Parts Lost 28 | . 1 1 7 1 2 5 11 Power 5 | . . 1 2 . . . 2 Propulsion 11 | . 1 . 1 . 1 3 5 Utility 7 | . . . 2 1 1 1 2 Weapon 5 | . . . 2 . . 1 2 Highest Loss Streak 2 | . 1 1 2 1 2 2 2 To Critical Strikes 2 | . . . . . 1 1 . Average Slot Usage (%) 94 | . 99 100 99 99 95 87 86 Engine 8 | . 14 5 3 11 10 11 6 Core 2 | . . 8 7 . . . 2 Treads 24 | . 24 28 21 22 22 21 33 Device 5 | . . . 7 2 . 3 16 Storage 11 | . 14 14 11 11 13 11 9 Processor 2 | . . . . . 4 10 . Protection 16 | . 13 14 24 30 22 7 . Energy Cannon 6 | . . . 9 19 . . 14 Ballistic Gun 13 | . 28 27 11 2 20 18 . Naked Turns . | . . . . . . . . Heaviest Build 300 | 11 50 92 110 111 239 242 300 Greatest Support 80 | 40 40 40 40 40 40 40 80 Greatest Overweight (x) 6 | . 3 2 5 2 5 6 3 Average Overweight (x) 1 | . . 1 2 2 1 5 2 Largest Inventory Capacity 35 | 8 20 25 25 25 35 35 35 Average Capacity 26 | 7 12 20 24 25 23 35 34 Most Carried 35 | 4 20 20 25 25 35 35 35 Average Carried 24 | 2 9 19 23 24 20 34 33 Final Capacity 35 | 8 20 20 25 25 35 35 35 Final Carried 35 | 4 20 20 25 25 35 34 34 Class Distribution -------------------- 49% | Mutant 36% | Hauler-Mutant 14% | Scavenger-Mutant Dominant Class ---------------- Mutant | -10/Materials Mutant | -10/Mines Scavenger-Mutant | -9/Materials Mutant | -9/Mines Mutant | -9/Exiles Hauler-Mutant | -8/Mines Hauler-Mutant | -8/Materials Resources | -11 -10 -10 -9 -9 -9 -8 -8 ----------- Run | Scr Mat Min Mat Min Exi Min Mat Matter Collected 3281 | 188 454 152 834 64 622 478 489 Remotely . | . . . . . . . . Salvage Created 5940 | 25 673 77 1794 139 440 667 2125 Parts 381 | 5 38 14 119 5 57 38 105 Haulers Intercepted 8 | . . . 5 . . . 3 Recyclers Shooed 8 | . 1 . 4 . . . 3 Parts Field Recycled . | . . . . . . . . Retrieved Matter . | . . . . . . . . Parts Self-Destructed . | . . . . . . . . Prevented . | . . . . . . . . Kills | -11 -10 -10 -9 -9 -9 -8 -8 ------- Run | Scr Mat Min Mat Min Exi Min Mat Combat Hostiles Destroyed 110 | . 14 8 29 4 3 15 37 Melee 5 | . . . . 1 1 3 . Guns 43 | . 11 1 16 . . 8 7 Cannons 26 | . . . 1 3 . 1 21 AOE 34 | . 3 7 12 . 2 3 7 Classes Destroyed 18 | 1 7 . 2 2 3 . 3 Worker 6 | . 2 . 2 . . . 2 Builder 5 | . 1 . 2 . . 1 1 Tunneler 1 | 1 . . . . . . . Hauler 8 | . . . 5 . . . 3 Recycler 12 | . 1 . 7 . . 1 3 Operator 4 | . 1 . 1 . . . 2 Turret 1 | . . . . . 1 . . Watcher 12 | . 2 . 5 . . . 5 Swarmer 30 | . 3 7 11 . . 6 3 Grunt 52 | . 11 1 9 1 . 8 22 Brawler 1 | . . . . . . . 1 Duelist 1 | . . . . 1 . . . Sentry 18 | . . . 9 . . . 9 Demolisher 2 | . . . . 2 . . . Hunter 1 | . . . . . . . 1 Heavy 1 | . . . . . . . 1 Zionite 7 | . . . . . 7 . . Assembled 7 | . . . . . 7 . . Best Kill Streak 8 | 1 4 4 7 2 3 3 8 Combat Bots Only 6 | . 3 4 6 2 2 3 3 Max Kills in Single Turn 6 | 1 3 3 6 1 5 1 3 Gunslinging . | . . . . . . . . Exploded 5 | . 3 3 5 . 1 1 3 Melee 1 | . . . . 1 1 1 . Uniques/NPCs Destroyed 5 | . . . . . 4 1 . 8R-AWN (-9/Exiles) EX-HEX (-9/Exiles) EX-DEC (-9/Exiles) EX-BIN (-9/Exiles) 7V-RTL (-8/Mines) Combat | -11 -10 -10 -9 -9 -9 -8 -8 -------- Run | Scr Mat Min Mat Min Exi Min Mat Damage Taken 6131 | . 537 70 1135 493 755 1435 1706 Core 503 | . 78 . 110 37 20 172 86 Absorbed by Shields 60 | . . . . . 60 . . Regen/Repaired (Parts) 193 | . 87 . . . . . 106 Core Remaining (%) 61 | 100 . 68 . . . 15 . Volleys Fired 390 | 2 67 9 82 9 51 68 102 Largest 2 | 2 2 2 2 2 2 2 2 Hottest 145 | 40 40 40 136 136 120 120 145 Shots Fired 701 | 4 133 14 158 18 88 96 190 Gun 454 | 4 132 10 141 . 68 57 42 Cannon 220 | . . . 11 18 14 35 142 Launcher 27 | . 1 4 6 . 6 4 6 Special . | . . . . . . . . Kinetic 396 | 4 132 10 113 . 68 57 12 Thermal 258 | . . . 39 18 14 35 152 Explosive 27 | . 1 4 6 . 6 4 6 Electromagnetic 20 | . . . . . . . 20 Robot Hit Streak 18 | 2 14 7 15 5 13 13 18 Robot Miss Streak 5 | 1 5 2 3 3 4 3 3 Penetration Max 1 | . . . . . . 1 . Secondary Targets 5 | . 2 . 1 . . 2 . Max Gunslinging Chain 1 | . 1 . 1 . . 1 . Shots Hit Robots 471 | 2 90 8 105 14 64 53 135 Core Hits 306 | 3 49 12 68 6 37 47 84 Critical Kills 5 | . 2 . 1 . . 1 1 Critical Parts Destroyed 9 | . . . 3 . 2 4 . Critical Strikes 23 | . 2 . 8 . 3 7 3 Burn 5 | . . . 4 . . . 1 Meltdown 1 | . . . . . . . 1 Destroy 12 | . 2 . 2 . 2 6 . Corrupt 1 | . . . . . . . 1 Smash 2 | . . . 2 . . . . Sever 2 | . . . . . 1 1 . Melee Attacks 44 | . . . 6 3 22 13 . Impact 6 | . . . 6 . . . . Slashing 38 | . . . . 3 22 13 . Piercing . | . . . . . . . . Sneak Attacks 5 | . . . 4 . . 1 . Combat Hostiles . | . . . . . . . . Follow-up Attacks . | . . . . . . . . Damage Inflicted 14189 | 34 919 443 2762 378 2271 2932 4450 Guns 4085 | 34 714 66 1212 . 645 624 790 Cannons 4698 | . . . 164 251 427 1244 2612 Explosions 3660 | . 189 330 1082 . 413 598 1048 Melee 1568 | . . . 244 93 786 445 . Ramming 178 | . 16 47 60 34 . 21 . Kinetic 3119 | 34 714 66 923 . 645 624 113 Thermal 5267 | . . . 453 251 427 1244 2892 Explosive 3660 | . 189 330 1082 . 413 598 1048 Electromagnetic 397 | . . . . . . . 397 Impact 244 | . . . 244 . . . . Slashing 1324 | . . . . 93 786 445 . Piercing . | . . . . . . . . Highest Corruption 1 | . 1 1 . . . . . Average Corruption 1 | . 1 1 . . . . . Corruption Purged . | . . . . . . . . Corruption Blocked . | . . . . . . . . Effects 24 | . 9 15 . . . . . Message Errors 7 | . 2 5 . . . . . Matter Fused 6 | . 2 4 . . . . . Heat Flow Errors 4 | . 1 3 . . . . . Energy Discharges 2 | . 1 1 . . . . . Data Loss (minor) 2 | . 1 1 . . . . . Alerts 3 | . 2 1 . . . . . Overload Shots . | . . . . . . . . Overflow Damage 534 | . 7 . 256 24 48 103 96 Projectiles 83 | . . . 7 3 25 . 48 Explosions 205 | . 7 . 87 . . 63 48 Melee 246 | . . . 162 21 23 40 . Knockbacks . | . . . . . . . . Impact . | . . . . . . . . Kinetic . | . . . . . . . . Secondary . | . . . . . . . . Self-Inflicted Damage 284 | . 23 . 71 . . 121 69 Shots 11 | . 1 . 3 . . 4 3 Rammed 25 | . 6 7 9 2 . 1 . Targets Rammed 26 | . 7 7 9 2 . 1 . Kicked . | . . . . . . . . Crushed 1 | . 1 . . . . . . Highest Temperature 297 | . 202 240 297 246 152 182 252 Average Temperature 49 | . 30 72 45 95 51 61 35 Received Heat Transfer 2022 | . 246 24 351 24 . 603 774 Siege Activations . | . . . . . . . . Robots Corrupted 1 | . . . . . . . 1 Combat Hostiles 1 | . . . . . . . 1 Parts Fried 6 | . . . 1 . . . 5 Impact Corruptions 6 | . . . 5 1 . . . Robots Melted 1 | . . . . . . . 1 Combat Hostiles 1 | . . . . . . . 1 Parts Melted 10 | . . . 2 2 . 1 5 Heat Transferred 7289 | . . . 1295 444 960 149 4441 Parts Sabotaged . | . . . . . . . . Parts Stolen . | . . . . . . . . Parts Stripped . | . . . . . . . . Power Chain Reactions . | . . . . . . . . Missiles Intercepted . | . . . . . . . . Alert | -11 -10 -10 -9 -9 -9 -8 -8 ------- Run | Scr Mat Min Mat Min Exi Min Mat Peak Influence 599 | 5 270 157 494 159 . 219 599 Initial 104 | . 3 25 . 104 . . 70 Average 159 | 1 116 66 194 34 . 67 256 Maximum Alert Level 2 | . 1 . 2 . . 1 2 Low Security (%) 61 | 100 84 100 36 100 . 95 39 Level 1 31 | . 15 . 62 . . 4 37 Level 2 6 | . . . . . . . 23 Level 3 . | . . . . . . . . Level 4 . | . . . . . . . . Level 5 . | . . . . . . . . High Security . | . . . . . . . . Max Security . | . . . . . . . . Squads Dispatched 13 | . 3 . 3 1 . 1 5 Investigation 6 | . 2 . 2 1 . . 1 Extermination . | . . . . . . . . Reinforcement 7 | . 1 . 1 . . 1 4 Assault . | . . . . . . . . Garrison . | . . . . . . . . Intercept . | . . . . . . . . Searches Triggered . | . . . . . . . . Construction Impeded 1 | . . . . . . 1 . Haulers Reinforced . | . . . . . . . . Active Scanning Responses . | . . . . . . . . Cargo Convoy Interrupts . | . . . . . . . . Stealth | -11 -10 -10 -9 -9 -9 -8 -8 --------- Run | Scr Mat Min Mat Min Exi Min Mat Distress Signals 10 | . 1 . 4 . . . 5 Communications Jammed . | . . . . . . . . Distress Signals . | . . . . . . . . Times Spotted 213 | . 26 7 44 5 57 18 56 Peak Tracking Total 7 | . 4 3 7 2 5 4 6 Tactical Retreats 21 | . 1 . . 1 10 6 3 Traps | -11 -10 -10 -9 -9 -9 -8 -8 ------- Run | Scr Mat Min Mat Min Exi Min Mat Traps Triggered 5 | . 2 . 2 . . . 1 Indirectly . | . . . . . . . . Trap Hack Attempts . | . . . . . . . . Triggered . | . . . . . . . . Disarmed . | . . . . . . . . Reprogrammed . | . . . . . . . . Reused . | . . . . . . . . Traps Extracted . | . . . . . . . . Installed . | . . . . . . . . Triggered . | . . . . . . . . Machines | -11 -10 -10 -9 -9 -9 -8 -8 ---------- Run | Scr Mat Min Mat Min Exi Min Mat Machines Disabled 14 | . . . 1 . 9 1 3 Max in Single Turn 2 | . . . 1 . 2 1 1 Garrison Access 1 | . . . . . . . 1 Machines Sabotaged . | . . . . . . . . Garrisons Compromised . | . . . . . . . . Overloaded Fab Kills . | . . . . . . . . Hacking | -11 -10 -10 -9 -9 -9 -8 -8 --------- Run | Scr Mat Min Mat Min Exi Min Mat Machines Accessed 38 | . 9 . 12 1 2 . 14 Terminals 25 | . 6 . 10 . . . 9 Fabricators . | . . . . . . . . Repair Stations 2 | . 1 . . . . . 1 Recycling Units 5 | . 2 . 2 . . . 1 Scanalyzers 2 | . . . . . . . 2 Garrison Access 1 | . . . . . . . 1 Total Hacks 109 | . 20 . 37 1 2 . 49 Successful 58 | . 10 . 19 1 2 . 26 Failed 50 | . 9 . 18 . . . 23 Catastrophic 5 | . . . 2 . . . 3 Database Lockouts 1 | . 1 . . . . . . Manual 70 | . 16 . 29 . 1 . 24 Terminals 81 | . 16 . 34 . . . 31 Fabricators . | . . . . . . . . Repair Stations 4 | . 2 . . . . . 2 Recycling Units 9 | . 2 . 3 . . . 4 Scanalyzers 11 | . . . . . . . 11 Garrison Access 1 | . . . . . . . 1 Terminal Hacks 28 | . 3 . 13 1 2 . 9 Record 1 | . . . . . 1 . . Part Schematic 4 | . . . 4 . . . . Robot Analysis 5 | . 1 . 3 . . . 1 Open Door 1 | . . . . 1 . . . Level Access Points 1 | . . . 1 . . . . Branch Access Points 2 | . 1 . . . . . 1 Alert Level 6 | . . . 1 . . . 5 Unreport Threat 3 | . . . 2 . . . 1 Hauler Manifests 4 | . 1 . 2 . . . 1 EX-Prototype ID Bank 1 | . . . . . 1 . . Fabricator Hacks . | . . . . . . . . Repair Station Hacks 4 | . 2 . . . . . 2 Scan Component 2 | . 1 . . . . . 1 Repair 2 | . 1 . . . . . 1 Recycling Unit Hacks 1 | . . . . . . . 1 Retrieve Components 1 | . . . . . . . 1 Scanalyzer 6 | . . . . . . . 6 Insert Component 2 | . . . . . . . 2 Analyze 4 | . . . . . . . 4 Garrison Access Hacks 1 | . . . . . . . 1 Seal Access 1 | . . . . . . . 1 Unauthorized Hacks 18 | . 5 . 6 . . . 7 Terminals 12 | . 3 . 4 . . . 5 Assimilate 1 | . . . . . . . 1 Botnet 7 | . 2 . 2 . . . 3 Operators 4 | . 1 . 2 . . . 1 Fabricators . | . . . . . . . . Repair Stations . | . . . . . . . . Recycling Units 6 | . 2 . 2 . . . 2 Reject 1 | . . . . . . . 1 Mask 1 | . . . . . . . 1 Tunnel 4 | . 2 . 2 . . . . Scanalyzers . | . . . . . . . . Garrison Access . | . . . . . . . . Data Cores Recovered 1 | . . . . . . . 1 Used . | . . . . . . . . Hacking Detections 26 | . 6 . 10 . . . 10 Full Trace Events 3 | . . . . . . . 3 Feedback Events . | . . . . . . . . Feedback Blocked . | . . . . . . . . Robot Schematics Acquired . | . . . . . . . . Robots Built . | . . . . . . . . Authchips . | . . . . . . . . Time . | . . . . . . . . Total Robot Build Rating . | . . . . . . . . Part Schematics Acquired 3 | . . . 3 . . . . Parts Built . | . . . . . . . . Authchips . | . . . . . . . . Time . | . . . . . . . . Total Part Build Rating . | . . . . . . . . Parts Repaired 2 | . 1 . . . . . 1 Time 96 | . 26 . . . . . 70 Parts Recycled . | . . . . . . . . Recycled Matter . | . . . . . . . . Retrieved Matter . | . . . . . . . . Retrieved Components 10 | . . . . . . . 10 Parts Scanalyzed 1 | . . . . . . . 1 Part Schematics Acquired . | . . . . . . . . Parts Damaged . | . . . . . . . . Bothacking | -11 -10 -10 -9 -9 -9 -8 -8 ------------ Run | Scr Mat Min Mat Min Exi Min Mat Used RIF Installer . | . . . . . . . . Robots Hacked . | . . . . . . . . Non-combat . | . . . . . . . . Combat . | . . . . . . . . Robot Hacks Applied . | . . . . . . . . Relay Couplers Released . | . . . . . . . . Fabnet Peak Effective % . | . . . . . . . . Robots Rewired . | . . . . . . . . Allies Hacked . | . . . . . . . . Hacks Repelled . | . . . . . . . . Allies | -11 -10 -10 -9 -9 -9 -8 -8 -------- Run | Scr Mat Min Mat Min Exi Min Mat Total Allies 2 | . . 2 . . . . . Largest Group 2 | . . 2 . . . . . Highest-Rated Group 42 | . . 42 . . . . . Highest-Rated Ally 31 | . . 31 . . . . . Total Orders . | . . . . . . . . Ally Attacks 6 | . . 6 . . . . . Total Damage 127 | . . 127 . . . . . Kills 3 | . . 3 . . . . . Allies Corrupted . | . . . . . . . . Allies Melted . | . . . . . . . . Intel | -11 -10 -10 -9 -9 -9 -8 -8 ------- Run | Scr Mat Min Mat Min Exi Min Mat Robot Analysis Total 5 | . 1 . 3 . . . 1 Derelict Logs Recovered 1 | . . 1 . . . . . Drone Launches . | . . . . . . . . Drone Recoveries . | . . . . . . . . Exploration | -11 -10 -10 -9 -9 -9 -8 -8 ------------- Run | Scr Mat Min Mat Min Exi Min Mat Turns Passed 28244 | 83 1892 1268 6424 2263 7585 3002 5727 Spaces Moved 8215 | 44 893 504 1726 684 2343 482 1539 Core 6 | 6 . . . . . . . Treads 7987 | 38 671 504 1726 684 2343 482 1539 Legs . | . . . . . . . . Wheels 222 | . 222 . . . . . . Hover . | . . . . . . . . Flight . | . . . . . . . . Fastest Speed 50 | 50 100 240 240 320 160 560 242 Average Speed 311 | 145 166 240 320 320 310 560 332 Slowest Speed 640 | 160 240 320 560 320 560 640 402 Overloaded Moves . | . . . . . . . . Propulsion Burnouts . | . . . . . . . . Robots Hopped . | . . . . . . . . Cave-ins Triggered . | . . . . . . . . Exploration Rate (%) 85 | 4 99 99 96 98 92 97 98 Regions Visited 7 Branch Regions 4 Pre-discovered Areas 6 | . 2 1 2 . 1 . . Known Exits Taken 2 | . 1 . . . . 1 . Unknown Exits Taken 5 | 1 . 1 1 1 1 . . Scrap Searched 6 | . . 3 . 2 . 1 . Spaces Dug 7 | . . 6 1 . . . . Terrain Destroyed 274 | . 10 44 51 1 46 42 80 Melee 1 | . . . 1 . . . . Projectile 42 | . . . . 1 1 9 31 AOE 231 | . 10 44 50 . 45 33 49 Terrain Rammed . | . . . . . . . . Walls Destroyed . | . . . . . . . . Machines Disabled . | . . . . . . . . Actions | -11 -10 -10 -9 -9 -9 -8 -8 --------- Run | Scr Mat Min Mat Min Exi Min Mat Total 10139 | 57 1187 535 2456 736 2554 659 1955 Wait 992 | . 187 5 479 16 18 57 230 Move 8208 | 43 892 503 1725 683 2342 481 1539 Hop . | . . . . . . . . Pick Up 151 | 3 20 1 46 8 46 6 21 Fast Attach 48 | 8 2 . 14 . 11 3 10 Attach 55 | . 2 1 17 5 6 9 15 Detach 25 | 1 2 . 6 . 7 3 6 Swap 74 | . 3 8 24 2 8 13 16 Drop 125 | . 5 1 48 7 43 5 16 Fire 390 | 2 67 9 82 9 51 68 102 Melee 44 | . . . 6 3 22 13 . Ram . | . . . . . . . . Kick . | . . . . . . . . Crush 26 | . 7 7 9 2 . 1 . Escape Stasis . | . . . . . . . . Rewire 1 | . . . . 1 . . . Trap . | . . . . . . . . Miscellaneous . | . . . . . . . . Route ------- -11/Scrapyard -10/Materials (discovered 5 exits: *Mat x3 / *Min x2) -10/Mines (discovered 2 exits: *Mat x2) -9/Materials (discovered 6 exits: *Mat x3 / *Min / [*Sto x2]) -9/Mines (discovered 3 exits: *Mat x2 / *Exi) -9/Exiles (discovered 2 exits: [*Min x2]) -8/Mines (discovered 2 exits: *Mat x2) -8/Materials (discovered 3 exits: [*Fac x3]) History --------- Turn | Location | Event 4 | -11/Scrapyard | Discovered new exit (range 16) 84 | -11/Scrapyard | Entered Materials 304 | -10/Materials | Build established: Mutant 388 | -10/Materials | Discovered new exit (range 5) 775 | -10/Materials | Discovered new exit (range 10) 798 | -10/Materials | Central database locked down 798 | -10/Materials | Identified exit to Mines 1124 | -10/Materials | Discovered new exit (range 14) 1245 | -10/Materials | Discovered new exit (range 13) 1635 | -10/Materials | Repaired Lgt. Treads 1976 | -10/Materials | Entered Mines 2502 | -10/Mines | Discovered new exit (range 15) 2573 | -10/Mines | Discovered new exit (range 6) 2576 | -10/Mines | Learned location of Storage (-9) 2775 | -10/Mines | Learned Materials non-interactive machine intel 3244 | -10/Mines | Entered Materials 3244 | -9/Materials | Evolved 2 slots: Utility x2 3245 | -9/Materials | Loaded intel: 38 non-interactive machine locations 3892 | -9/Materials | Build established: Scavenger-Mutant 4871 | -9/Materials | Identified exit to Materials 6775 | -9/Materials | Discovered new exit (range 6) 7072 | -9/Materials | Discovered new exit (range 15) 7699 | -9/Materials | Discovered new exit (range 15) 7722 | -9/Materials | Build established: Mutant 9668 | -9/Materials | Entered Mines 9811 | -9/Mines | Assembled infested the area 9816 | -9/Mines | Assisted by a Guerilla fighting off Assembled 9906 | -9/Mines | Discovered exit to Materials (range 7) 10473 | -9/Mines | Discovered exit to Materials (range 5) 10997 | -9/Mines | Met a Derelict shopkeep closing up shop 11345 | -9/Mines | Received a Rocket Launcher from a helpful Derelict 11909 | -9/Mines | Deemed a non-threat by the Exiles lab entrance 11912 | -9/Mines | Discovered new exit (range 5) 11931 | -9/Mines | Entered Exiles 12137 | -9/Exiles | Discovered new exit (range 15) 12208 | -9/Exiles | Met 8R-AWN 12259 | -9/Exiles | Met EX-HEX 12361 | -9/Exiles | Met EX-BIN 12400 | -9/Exiles | Met EX-DEC 12412 | -9/Exiles | Learned location of Zion (-6) 12518 | -9/Exiles | Aligned with FarCom system 12521 | -9/Exiles | Given EX-Vault access code 12601 | -9/Exiles | Opened EX-Vault 12678 | -9/Exiles | Warned to stay clear of 0b10 Research branches 12948 | -9/Exiles | Visited The Gauntlet 14863 | -9/Exiles | Discovered new exit (range 14) 15626 | -9/Exiles | Found Longsword +1 15630 | -9/Exiles | Found Superbattery 15638 | -9/Exiles | Found Gui. Plasma Cannon 16248 | -9/Exiles | Attacked by the Exiles 16335 | -9/Exiles | Destroyed 8R-AWN 16353 | -9/Exiles | Found Prototype Ballistic Gun 16353 | -9/Exiles | Identified 8R-AWN's Boregun 17171 | -9/Exiles | Destroyed EX-HEX 17204 | -9/Exiles | Destroyed EX-DEC 17242 | -9/Exiles | Destroyed EX-BIN 17847 | -9/Exiles | Build established: Hauler-Mutant 18015 | -9/Exiles | Found Prototype Processor 18880 | -9/Exiles | Found Deploy-a-Sentry 19516 | -9/Exiles | Stole four prototypes: Superbattery, Gui. Plasma Cannon, Longsword +1, Deploy-a-Sentry 19516 | -9/Exiles | Entered Mines 19628 | -8/Mines | 7V-RTL came to Exiles' defense 19743 | -8/Mines | Destroyed 7V-RTL 21536 | -8/Mines | Core integrity fell below 50% 21819 | -8/Mines | Core integrity fell below 20% 22264 | -8/Mines | Discovered exit to Materials (range 10) 22365 | -8/Mines | Discovered exit to Materials (range 3) 22518 | -8/Mines | Entered Materials 22518 | -8/Materials | Evolved 2 slots: Propulsion x2 25218 | -8/Materials | Discovered new exit (range 7) 25545 | -8/Materials | Repaired Hvy. Deuterium Engine 25785 | -8/Materials | Discovered new exit (range 16) 27651 | -8/Materials | Discovered new exit (range 10) 28112 | -8/Materials | Build established: Scavenger-Mutant 28245 | -8/Materials | Self-destructed Last Messages --------------- Particle Gun Corrupted Aluminum Leg Mak. Trap Scanner Particle Gun >>Trojan(Reject) Trojan loaded successfully. Testing... Ejection routine running. 28176_ R-06 Scavenger inserts Imp. Sensor Array into recycling unit. 28176_ Imp. Sensor Array discarded by recycling unit. 28179_ R-06 Scavenger inserts Heat Sink into recycling unit. 28179_ Heat Sink discarded by recycling unit. 28182_ R-06 Scavenger inserts Chainsword into recycling unit. 28182_ Chainsword discarded by recycling unit. 28183_ U-05 Engineer builds a Door. 28185_ R-06 Scavenger inserts Med. Armor Plating into recycling unit. 28185_ Med. Armor Plating discarded by recycling unit. 28236_ Connecting with Terminal... >>Alert(Check) Current Alert Level: 2-S Map ----- +----------------------------------------------------+ | | | | | | | | | | | | | | | | | | | | | | | | | | | | | | | | | | | | | | | | | ???????????##########????????????????????????????? | | ???????????# ######???????????????????????? | | ???????????# # ! #######????????????????? | | ############ # # ! #????????????????? | | ## !]! #/ # #################? | | ## !!! # @/ T #? | | ## ]!! # # ### #? | | # # # ! #?# #? | | ######### ## [ ! # [ #######?# #? | | #???# ## %! # /#???????# =##+##### | | #???# ######+################## %!#**/!=[! | | #???# #???# [!+!!!"Y"[ | | !#???# #####/ ######################[!]""" | | #####???# !/ #????????????????????#[=[! | | "" ?#???###### #???????????????????#######+# | | """ ########## #???????????????????# | | """ # # #???????????????????# | | """ # # #???????????????????# | | "" # # #########????######## """ """ | | # """ # #???##!! # """ """ | | #? """"" + #???#! < # """ """ | | #? """"" # #???#! # | | #####??""""" # #???#! + | | ??????? """ ############ #????! ######### | | ??????? #???????##?# #??????! ## | | ???????################## ##?????## ##""" | | ????????????# % ####### #""" | | ????????????# ! #""" [ | | ####????????# % + | | #???????# " """"" #""" | +----------------------------------------------------+ Best States ------------- Heat Dissipation 57 Energy Generation 19 Energy Capacity 310 Matter Stores 300 Matter Capacity 300 Sight Range 16 Terrain Scan Density 10 Armor Coverage 600 Evasion (%) 40 Targeting Accuracy 8 Armor Integrity Analysis 40 Recoil Reduction 4 Salvage Targeting 1 Item Schematics ----------------- Signal Interpreter | -9/Materials | Hacked Cargo Storage Unit | -9/Materials | Hacked Flight Unit | -9/Materials | Hacked Robot Schematics ------------------ None Fabricated ------------ Nothing Alien Tech Used ----------------- None Achievements -------------- None Challenges ------------ None Game ------ Seed WeightEtherialKatana Manual? 0 Play Time 02:03:00 Cumulative 520.7 hours Start 2022.07.09 @ 15:38:59 End 2022.07.10 @ 19:23:21 Sessions 5 Manual Loads 0 Difficulty Rogue Special Mode None Game No. 47 Rogue 42 Adventurer 5 Explorer 0 Win Type - Total 22 Types 6/4/4/0/3/1/3/0/1 Lore% 84 Gallery% 92 Achievement% 82 Wizard Run 0 Options --------- ASCII 0 Keyboard 1 Movement Arrows Keybinds 0 Fullscreen 2 Font 18/SmallcapsGlow Map View 76x50 Tactical HUD 1 Map Filters NONE Filters NONE Steam 1 RUN: e1ec27e7-753a-4f8c-8143-c1d47d8dd9dc